 Dungeon Crawl Stone Soup version 0.27.1-2-g3b301248ec (webtiles) character file.

Game seed: 2297621106427590502

2174 lawman0 the Martial Artist (level 9, -2/58 HPs)
             Began as a Djinni Transmuter on July 30, 2021.
             Was an Initiate of Wu Jian.
             Shot with an arrow by a centaur (5 damage)
             ... on level 8 of the Dungeon on Oct 3, 2021.
             The game lasted 00:17:32 (11309 turns).

lawman0 the Martial Artist (Djinni Transmuter)     Turns: 11309, Time: 00:17:33

Health: -2/58      AC:  3    Str:  9    XL:     9   Next: 58%
Gold:   116        EV: 13    Int: 19    God:    Wu Jian [......] SH:  0 Dex: 13

rFire    + + .     SeeInvis +     - Unarmed
rCold    x . .     Faith    .   (no shield)
rNeg     . . .     Spirit   .   a - +0 robe
rPois    ∞         Reflect  .   (no helmet)
rElec    .         Harm     .   (no cloak)
rCorr    .         Rampage  .   z - +0 pair of gloves
Will     .....                  (boots unavailable)
Stlth    +.........             (no amulet)
HPRegen  0.19/turn              c - ring of wizardry
MPRegen  0.00/turn              o - ring of see invisible

@: flying
A: sickness immunity, fire resistance 2, cold vulnerability 1, float, innate
caster, hp casting, extra vitality 1
a: Renounce Religion


You were on level 8 of the Dungeon.
You worshipped Wu Jian.
Wu Jian was noncommittal.
You visited 2 branches of the dungeon, and saw 9 of its levels.

You collected 366 gold pieces.
You spent 250 gold pieces at shops.

Inventory:

Hand Weapons
 B - a +0 spear of distortion
Missiles
 j - a throwing net
 D - 4 silver boomerangs
 E - 13 boomerangs
 F - 19 poisoned darts
 G - a javelin (quivered)
Armour
 a - a +0 robe (worn)
 z - a +0 pair of gloves (worn)
Jewellery
 c - a ring of wizardry (left hand)
 o - a ring of see invisible (right hand)
 r - a +6 ring of strength
 C - a ring of wizardry
Wands
 g - a wand of polymorph (13)
 n - a wand of flame (29)
 p - a wand of mindburst (22)
Scrolls
 b - a scroll of magic mapping {unknown}
 d - a scroll of amnesia {unknown}
 i - a scroll of fog {unknown}
 l - a scroll of acquirement {unknown}
 s - 3 scrolls of noise {unknown}
 t - a scroll of enchant weapon {unknown}
 u - 3 scrolls of teleportation {unknown}
 y - a scroll of immolation {unknown}
 A - a scroll of vulnerability {unknown}
 H - a scroll of fear {unknown}
Potions
 e - 2 potions of degeneration {unknown}
 f - a potion of haste
 h - a potion of resistance
 k - a potion of might
 m - a potion of cancellation
 q - a potion of lignification {unknown}
 v - 2 potions of heal wounds {unknown}
 w - 3 potions of brilliance
 x - a potion of curing


   Skills:
 + Level 2.0 Fighting
 + Level 4.6 Dodging
 * Level 10.0 Unarmed Combat
 * Level 4.5 Spellcasting
 + Level 1.2 Evocations


You couldn't memorise any spells.
You knew the following spells:

 Your Spells              Type           Power      Damage    Failure   Level
a - Beastly Appendage     Tmut           42%        N/A       1%          1
b - Wereblood             Tmut           21%        N/A       1%          2
c - Spider Form           Tmut/Pois      10%        N/A       2%          3
d - Ice Form              Ice/Tmut       21%        N/A       9%          4
e - Freeze                Ice            84%        1d10      1%          1
f - Call Imp              Summ           21%        N/A       1%          2
g - Vampiric Draining     Necr           10%        2d7       2%          3
h - Tukima's Dance        Hex            21%        N/A       2%          3
Your spell library was empty.

Dungeon Overview and Level Annotations

Branches:
Dungeon (8/15)             Temple (1/1) D:7            Lair (0/6) D:8

Altars:
Cheibriados
Dithmenos
Elyvilon
Fedhas
Gozag
Kikubaaqudgha
Makhleb
Nemelex Xobeh
Okawaru
Qazlal
Ru
Sif Muna
Trog
Uskayaw
Vehumet
Wu Jian
Xom
Yredelemnul
Zin
The Shining One

Shops:
D:6 *[!

Portals:
Abyss: D:4

Annotations:
D:4 2 transporters, Theophrastus's ghost, amateur GrFi
D:8 1 transporter


Innate Abilities, Weirdness & Mutations

You are immune to sickness and miasma.
You are immune to poison.
Your flesh is very heat resistant. (rF++)
You are vulnerable to cold. (rC-)
You float through the air rather than walking.
You learn spells naturally, not from books.
Your magical power is your life essence.
You have superior vitality. (+4 HP)


Message History

Search for what [Enter for "thr", or ? for help]? arm
Found a ring mail.
There is a stone staircase leading up here.
You fly upwards.
There is a stone staircase leading down here.
There is a stone staircase leading up here.
You fly upwards.
There is a stone staircase leading down here.
There is an entrance to Pedeafol's Antique Armour Shop here.
You can access your shopping list by pressing '$'.
Unknown command.
Press: ? - help, . - travel You can't see that place. [a burning altar of Makhleb.]
Items here: ))) [[.
You see here a +0 short sword.
There is an escape hatch in the floor here.
You fly downwards.
The hatch slams shut behind you.
You start resting.
HP restored.
Done exploring.
There is an escape hatch in the floor here.
You fly downwards.
The hatch slams shut behind you.
Level annotation: 1 transporter A centaur comes into view.
The centaur shouts!
The centaur wields a +0 shortbow.
The centaur shoots an arrow.
The arrow hits you!
The centaur shoots an arrow.
The arrow hits you!
The centaur shoots an arrow.
The arrow hits you.
The centaur shoots an arrow.
The arrow hits you.
An orc warrior comes into view. It is wielding a +0 halberd.
The centaur shoots an arrow.
The arrow hits you.
The centaur shoots an arrow.
The arrow hits you!
* * * LOW HITPOINT WARNING * * *
The orc warrior throws a boomerang.
The boomerang hits you!
* * * LOW HITPOINT WARNING * * *
The centaur shoots an arrow.
The arrow barely misses you.
The centaur shoots an arrow.
The arrow hits you.
You die...

###### #....#
#....# #....###.###
########........o..
#.........@..###...
#..........#+#
#.........c...#
#.............#
#.............#
#..............#
#..............#
#..........#.#.#
#######+####.#


You could see an orc warrior and a centaur.

Vanquished Creatures
  2 steam dragons
  2 water moccasins
  A sky beast (D:8)
  An ice beast (D:6)
  A necrophage (D:7)
  A phantom (D:4)
  A kobold brigand (D:8)
  A gnoll sergeant (D:7)
  2 bullfrogs (D:7)
  A wyvern zombie (D:7)
  A scorpion (D:6)
  A wyvern skeleton (D:5)
  A water moccasin skeleton (D:6)
  A howler monkey (D:4)
  A vampire bat (D:6)
  2 jellies
  A bullfrog zombie (D:5)
  4 orc priests
  Jessica (D:2)
  A gnoll shaman (D:5)
  Terence (D:2)
  5 iguanas
  4 orc wizards
  12 gnolls
  A howler monkey zombie (D:6)
  3 adders
  3 shadow imps
  2 white imps (D:6)
  2 ufetubi
  2 adder skeletons (D:4)
  2 worms
  2 dart slugs
  12 orcs
  A bat skeleton (D:6)
  5 bat zombies
  5 endoplasms
  3 giant cockroaches (D:1)
  5 goblins
  3 hobgoblins
  6 jackals
  4 quokkas
  4 ball pythons
  2 bats
  8 frilled lizards
  11 kobolds
  3 rats
138 creatures vanquished.

Vanquished Creatures (others)
  7 plants (D:6)
7 creatures vanquished.

Grand Total: 145 creatures vanquished

Notes
Turn   | Place    | Note
-------+----------+-------------------------------------------
     0 | D:1      | lawman0 the Djinni Transmuter began the quest for the Orb.
     0 | D:1      | Reached XP level 1. HP: 17/17 MP: 0/0
   378 | D:1      | Reached XP level 2. HP: 8/22 MP: 0/0
   909 | D:1      | Reached XP level 3. HP: 26/27 MP: 0/0
   909 | D:1      | Learned a level 1 spell: Freeze
  1760 | D:2      | Reached skill level 4 in Unarmed Combat
  2280 | D:2      | Noticed Terence
  2291 | D:2      | Killed Terence
  2292 | D:2      | Reached XP level 4. HP: 7/32 MP: 0/0
  2584 | D:2      | Noticed Jessica
  2597 | D:2      | Killed Jessica
  2616 | D:2      | Reached XP level 5. HP: 37/37 MP: 0/0
  2616 | D:2      | Learned a level 2 spell: Call Imp
  3401 | D:3      | Found a stormy altar of Qazlal.
  3880 | D:3      | Reached skill level 5 in Unarmed Combat
  4005 | D:4      | Noticed a phantom
  4024 | D:4      | Killed a phantom
  4025 | D:4      | Reached XP level 6. HP: 20/42 MP: 0/0
  4347 | D:4      | Noticed a small abomination
  4608 | D:4      | Found a transporter.
  4609 | D:4      | Found a one-way gate to the infinite horrors of the Abyss.
  4609 | D:4      | Noticed Theophrastus's ghost (amateur GrFi)
  4625 | D:4      | Found a transporter.
  4859 | D:5      | Entered Level 5 of the Dungeon
  4934 | D:5      | Reached skill level 6 in Unarmed Combat
  4940 | D:5      | Reached XP level 7. HP: 39/47 MP: 0/0
  4940 | D:5      | Learned a level 3 spell: Vampiric Draining
  6179 | D:5      | Reached skill level 7 in Unarmed Combat
  6622 | D:6      | Found Xeitysh's Assorted Antiques.
  6632 | D:6      | Bought a smoky dark potion for 22 gold pieces
  6632 | D:6      | Bought 2 red potions for 45 gold pieces
  6632 | D:6      | Bought a scroll of identify for 50 gold pieces
  6632 | D:6      | Bought a red potion for 22 gold pieces
  6632 | D:6      | Bought a scroll labelled LANOCO JETZOGE for 25 gold pieces
  6632 | D:6      | Bought a scroll labelled OTEVECREMAI for 25 gold pieces
  6632 | D:6      | Bought a wand of flame (8) for 25 gold pieces
  6989 | D:6      | Reached XP level 8. HP: 38/52 MP: 0/0
  6993 | D:6      | Identified the +7 long sword of the Past {drain, *Slow
                  | Int+8}
  7091 | D:6      | Found Amilityn's Distillery.
  7097 | D:6      | Bought a potion of curing for 36 gold pieces
  7422 | D:6      | Found a bloodstained altar of Trog.
  7443 | D:6      | Reached skill level 8 in Unarmed Combat
  7871 | D:6      | Found Pedeafol's Antique Armour Shop.
  8208 | D:6      | Found a burning altar of Makhleb.
  9140 | D:7      | Reached skill level 9 in Unarmed Combat
  9140 | D:7      | Reached XP level 9. HP: 49/58 MP: 0/0
  9140 | D:7      | Learned a level 3 spell: Tukima's Dance
 10013 | D:7      | Found a staircase to the Ecumenical Temple.
 10092 | D:7      | Reached skill level 1 in Evocations
 10248 | Temple   | Entered the Ecumenical Temple
 10268 | Temple   | Upgraded the game from 0.27.0 to 0.27.1-2-g3b301248ec
 10280 | Temple   | Became a worshipper of the Wu Jian Council
 10770 | D:8      | Found a transporter.
 10807 | D:8      | Reached skill level 10 in Unarmed Combat
 11098 | D:8      | Found a staircase to the Lair.
 11308 | D:8      | HP: 2/58 [orc warrior/boomerang (7)]
 11309 | D:8      | Shot with an arrow by a centaur

Illustrated notes

Levels and vault maps discovered:
D:1:      saegor_arrival_fortress, layout_basic, roderic_roman_lattice,
          minmay_close_crescents
D:2:      layout_loops_ring, uniq_jessica, uniq_terence
D:3:      layout_loops_ring, mainiacjoe_overflow_six_doors_small
D:4:      layout_basic, gammafunk_ghost_abyssal_escape, serial_glass,
          glass_columns_c, glass_columns_a, glass_columns_b, glass_columns_b,
          glass_columns_c, glass_columns_c
D:5:      layout_loops_corners
D:6:      layout_loops_ring, mainiacjoe_overflow_divided_tiny,
          kennysheep_vampire_church, serial_shops, shop,
          nicolae_shop_competitors_out_of_business, shop, minmay_lizard_king
D:7:      layout_rooms, minmay_temple_entry_fiery
D:8:      gammafunk_steamed_eel, layout_basic,
          nicolae_hepliaklqana_monster_ancestors, dpeg_oklobed_lair,
          kennysheep_minor_cross
Temple:   lightli_temple_of_artemis

Skill      XL: |  1  2  3  4  5  6  7  8  9 |
---------------+----------------------------+-----
Unarmed Combat | 4 5 6 7 9 10 | 10.0
Spellcasting   | 2 3 4 |  4.5
Dodging        | 3 4 |  4.6
Evocations     | 1 |  1.2
Fighting       | 2 |  2.0

Action                   |  1- 3 |  4- 6 |  7- 9 || total
-------------------------+-------+-------+-------++-------
Melee: Unarmed           |    96 |   123 |   248 ||   467
       Headbutt          |     5 |     1 |     5 ||    11
       Punch             |     1 |       |     2 ||     3
Throw: Javelin           |       |       |     4 ||     4
 Cast: Beastly Appendage |    13 |     4 |     2 ||    19
       Wereblood         |     1 |       |       ||     1
       Freeze            |     5 |       |     5 ||    10
       Spider Form       |     3 |    14 |    17 ||    34
       Call Imp          |       |     2 |       ||     2
       Ice Form          |       |       |     2 ||     2
       Vampiric Draining |       |       |     6 ||     6
Invok: Lunge             |       |       |     5 ||     5
 Abil: End Transformatio |       |       |     1 ||     1
Evoke: Wand              |       |       |    17 ||    17
  Use: Scroll            |       |     2 |     3 ||     5
 Stab: Sleeping          |     2 |     2 |       ||     4
       Distracted        |       |     1 |       ||     1
Armor: Robe              |    19 |     7 |    23 ||    49
       Skin              |       |     2 |     6 ||     8
Dodge: Dodged            |    73 |    80 |   214 ||   367
